 Dungeon Crawl Stone Soup version 0.22-a0-223-g0f5d773 (webtiles) character file.

2067 MatthieuS the Ducker (level 9, -9/54 HPs)
             Began as a Tengu Artificer on Feb 18, 2018.
             Was an Initiate of Vehumet.
             Mangled by a cyan ugly thing (12 damage)
             ... on level 6 of the Dungeon.
             The game lasted 00:21:28 (5851 turns).

MatthieuS the Ducker (Tengu Artificer)              Turns: 5851, Time: 00:21:29

Health: -9/54      AC:  8    Str: 12    XL:     9   Next: 26%
Magic:  18/18      EV: 20    Int: 14    God:    Vehumet [......]
Gold:   413        SH:  0    Dex: 16    Spells: 18/18 levels left

rFire    . . .     SeeInvis .   a - +4 trident
rCold    . . .     Gourm    .   (no shield)
rNeg     . . .     Faith    .   e - +0 troll leather armour {Purgy}
rPois    .         Spirit   .   (helmet restricted)
rElec    .         Reflect  .   (no cloak)
rCorr    +         Harm     .   c - +2 pair of gloves
MR       .....                  (boots unavailable)
Stlth    ++........             (no amulet)
HPRegen  0.58/turn              k - +4 ring of evasion
MPRegen  0.16/turn              o - ring of resist corrosion

@: hasted, very quick
A: beak, talons 3, able to fly 1
a: Fly, Renounce Religion


You were on level 6 of the Dungeon.
You worshipped Vehumet.
Vehumet was noncommittal.
You were very hungry.

You visited 2 branches of the dungeon, and saw 7 of its levels.
You also visited: Sewer.

You collected 413 gold pieces.

Inventory:

Hand Weapons
 a - a +4 trident (weapon)
 w - a +1 blowgun
Missiles
 g - 207 stones (quivered)
 i - 71 bolts
 m - 74 sling bullets
 p - 39 poisoned needles
 u - 95 arrows
Armour
 c - a +2 pair of gloves (worn)
 e - a +0 troll leather armour (worn) {Purgy}
Jewellery
 k - a +4 ring of evasion (left hand)
 o - a ring of resist corrosion (right hand)
Wands
 b - a wand of flame (11)
 d - a wand of enslavement (8)
Scrolls
 n - 2 scrolls of magic mapping
 q - 5 scrolls of amnesia
 r - 3 scrolls of remove curse {unknown}
 s - 4 scrolls of identify
 v - a scroll of summoning {unknown}
Potions
 t - a potion of agility
 z - a potion of resistance
 C - a potion of magic {unknown}
Comestibles
 f - 13 rations


   Skills:
 + Level 5.6 Fighting
   Level 1.1 Short Blades
 - Level 2.7(3.2) Polearms
   Level 2.4(3.1) Staves
 + Level 5.3 Armour
 + Level 6.4 Dodging
 + Level 1.0 Stealth
 + Level 5.4 Spellcasting
 - Level 3.0 Evocations


You had 18 spell levels left.
You didn't know any spells.

Dungeon Overview and Level Annotations

Branches:
Dungeon (6/15)             Temple (1/1) D:6

Altars:
Ashenzari
Cheibriados
Dithmenos
Elyvilon
Fedhas
Gozag
Hepliaklqana
Kikubaaqudgha
Makhleb
Nemelex Xobeh
Okawaru
Qazlal
Ru
Sif Muna
Trog
Uskayaw
Vehumet
Wu Jian
Xom
Yredelemnul
Zin
The Shining One


Innate Abilities, Weirdness & Mutations

You have a beak for a mouth.
You have claws for feet.
You can fly.


Message History

The cyan ugly thing closely misses you. The cyan ugly thing closely misses you.
There is a stone staircase leading up here.
The cyan ugly thing barely misses you.
There is a stone staircase leading up here.
The cyan ugly thing tail-slaps you! The cyan ugly thing shocks you!
There is a stone staircase leading up here.
The cyan ugly thing tail-slaps you! The cyan ugly thing shocks you!
* * * LOW HITPOINT WARNING * * *
There is a stone staircase leading up here.
There is a stone staircase leading down here.
You swap places.
The freed slave hits the cyan ugly thing.
The cyan ugly thing barely misses the freed slave.
The cyan ugly thing tail-slaps you. The cyan ugly thing shocks you!
* * * LOW HITPOINT WARNING * * *
You feel yourself speed up. The cyan ugly thing tail-slaps you!
* * * LOW HITPOINT WARNING * * *
The cyan ugly thing shocks you!
You die...

..............#..#.#.#..# ##.##
##...................#..# *.#
#.#....................#*****,*
##.###..####.#.###.#.#......,,,*
...................#.#######****
##.###...............#
....##....##.#.###.#.#
##..##..#.##.#.###.#.#
#..##..#.##.#.u@....#
##..##..#....#<#######
.......##.####.# ####.#.##.# #.#
######## ###


You could see a cyan ugly thing.

Vanquished Creatures
  Pikel (D:6)
  Grinder (D:4)
  Eustachio (D:5)
  Duvessa (D:4)
  2 phantoms
  Purgy (Sewer)
  2 ogres
  An eye of draining (D:6)
  A centaur (D:6)
  A scorpion (D:5)
  2 crimson imps
  A hound (D:3)
  2 orc priests (D:5)
  A centaur skeleton (D:6)
  A jelly (D:6)
  An orc wizard (D:6)
  An iguana (D:3)
  3 worker ants
  A hound skeleton (D:4)
  6 adders
  An ooze (D:5)
  3 adder skeletons
  3 worms
  5 leopard geckos
  15 orcs
  A giant cockroach (D:6)
  11 goblins
  9 hobgoblins
  4 quokkas
  14 bats
  9 frilled lizards
  17 kobolds
  A quokka skeleton (D:4)
  10 rats
134 creatures vanquished.

Vanquished Creatures (collateral kills)
  Dowan (D:4)
  An orc (D:6)
  3 giant cockroaches (D:4)
  A rat (D:2)
6 creatures vanquished.

Vanquished Creatures (others)
  2 slaves (D:6)
  An orc wizard (D:6)
3 creatures vanquished.

Grand Total: 143 creatures vanquished

Notes
Turn   | Place    | Note
-------+----------+-------------------------------------------
     0 | D:1      | MatthieuS the Tengu Artificer began the quest for the Orb.
     0 | D:1      | Reached XP level 1. HP: 12/12 MP: 4/4
   342 | D:1      | Reached XP level 2. HP: 16/16 MP: 5/5
   366 | D:1      | Reached skill level 1 in Spellcasting
   895 | D:2      | Reached XP level 3. HP: 19/20 MP: 6/6
  1189 | D:2      | Found a sparkling altar of Nemelex Xobeh.
  1348 | D:2      | Reached XP level 4. HP: 21/26 MP: 8/8
  1713 | D:3      | Reached skill level 3 in Dodging
  1728 | D:3      | Found a shadowy altar of Dithmenos.
  2121 | D:3      | Gained mutation: You can fly. [Tengu growth]
  2121 | D:3      | Reached XP level 5. HP: 25/31 MP: 10/10
  2622 | D:3      | You fall through a shaft for 3 floors!
  2635 | D:5      | Entered Level 5 of the Dungeon
  2652 | D:5      | Noticed a phantom
  2675 | D:5      | Killed a phantom
  2675 | D:5      | Reached skill level 1 in Staves
  2675 | D:5      | Reached skill level 1 in Armour
  2675 | D:5      | Reached XP level 6. HP: 13/36 MP: 11/11
  2993 | D:4      | Noticed Grinder
  3003 | D:4      | Found a glowing drain.
  3022 | D:4      | Killed Grinder
  3022 | D:4      | Reached skill level 4 in Dodging
  3022 | D:4      | Reached XP level 7. HP: 24/41 MP: 13/13
  3043 | Sewer    | Entered a sewer
  3262 | Sewer    | Noticed Purgy
  3269 | Sewer    | Killed Purgy
  3366 | D:4      | Noticed Duvessa
  3801 | D:3      | Reached skill level 1 in Polearms
  3966 | D:4      | Noticed Dowan
  3973 | D:4      | Reached XP level 8. HP: 38/48 MP: 15/15
  3986 | D:4      | Killed Dowan
  4013 | D:4      | Killed Duvessa
  4151 | D:4      | Reached skill level 5 in Dodging
  4722 | D:5      | Noticed Eustachio
  4742 | D:5      | Killed Eustachio
  5217 | D:6      | Noticed a cyan ugly thing
  5251 | D:6      | Reached skill level 5 in Fighting
  5251 | D:6      | Reached skill level 5 in Spellcasting
  5253 | D:6      | Noticed Pikel
  5278 | D:6      | Killed Pikel
  5278 | D:6      | Reached skill level 5 in Armour
  5278 | D:6      | Reached skill level 6 in Dodging
  5278 | D:6      | Reached XP level 9. HP: 45/54 MP: 16/18
  5292 | D:6      | Found a staircase to the Ecumenical Temple.
  5301 | Temple   | Entered the Ecumenical Temple
  5343 | Temple   | Became a worshipper of Vehumet
  5851 | D:6      | Mangled by a cyan ugly thing

Vault maps used:
D:1:      elethiomel_arrival_maze
D:2:      nemelex_xobeh_ov_fountains_minmay, first_ration
D:3:      corexii_shack_village, nicolae_dithmenos_shadow_blocks
D:4:      gup_sewer_entry_glass, uniq_grinder, uniq_duvessa
D:5:      uniq_eustachio
D:6:      minmay_temple_entry_crystal_x, uniq_pikel, uniq_menkaure
Temple:   nicolae_temple_the_god_donut
Sewer:    sewer_big_baddie

Skill      XL: |  1  2  3  4  5  6  7  8 |
---------------+-------------------------+-----
Spellcasting   | 1 2 3 4 5 |  5.4
Fighting       | 2 3 4 5 |  5.6
Dodging        | 3 4 6 |  6.4
Staves         | 1 2 |  2.4
Armour         | 1 2 3 5 |  5.3
Polearms       | 1 2 |  2.7
Short Blades   | |  1.1
Stealth        | |  1.0
Evocations     | |  3.0

Action                   |  1- 3 |  4- 6 |  7- 9 || total
-------------------------+-------+-------+-------++-------
Melee: Short sword       |    83 |    34 |       ||   117
       Kick              |    18 |    21 |    54 ||    93
       Peck              |    12 |    17 |    39 ||    68
       Quarterstaff      |       |    74 |    14 ||    88
       Trident           |       |       |   196 ||   196
 Fire: Blowgun           |       |       |     5 ||     5
 Abil: Fly               |       |       |     2 ||     2
Evoke: Wand              |     3 |    26 |    20 ||    49
  Use: Scroll            |       |     6 |     8 ||    14
       Potion            |       |       |     6 ||     6
 Stab: Sleeping          |     4 |     4 |       ||     8
       Paralysed         |     2 |     1 |       ||     3
       Confused          |       |     2 |       ||     2
       Distracted        |       |       |     1 ||     1
  Eat: Chunk             |     1 |     6 |     8 ||    15
Armor: Leather armour    |    17 |    19 |     5 ||    41
       Troll leather arm |       |       |    31 ||    31
Dodge: Dodged            |    33 |    77 |   204 ||   314

Table legend:
 A = Spawn XP
 B = Non-spawn XP
 C = Spawn XP percentage of total XP
 D = Spawn monster count
 E = Non-spawn monster count
 F = Spawn count percentage of total count
 G = Total turns spent on level
                    A         B        C        D         E        F      G
               +---------+---------+-------+---------+---------+-------+---------
         Total |       0 |    2954 |   0.0 |       0 |     140 |   0.0 |  5851
               +---------+---------+-------+---------+---------+-------+---------
           D:1 |       0 |      33 |   0.0 |       0 |      24 |   0.0 |   894
           D:2 |       0 |      58 |   0.0 |       0 |      16 |   0.0 |   781
           D:3 |       0 |     314 |   0.0 |       0 |      44 |   0.0 |  1341
           D:4 |       0 |     797 |   0.0 |       0 |      21 |   0.0 |   853
           D:5 |       0 |     610 |   0.0 |       0 |      17 |   0.0 |   916
           D:6 |       0 |    1004 |   0.0 |       0 |      12 |   0.0 |   714
         Sewer |       0 |     138 |   0.0 |       0 |       6 |   0.0 |   297
               +---------+---------+-------+---------+---------+-------+---------
